Description

Fenix has come a long way from the beginning and has gained a lot of power. All of the real DPS in his army is in the Hero Units. My favorite heroes are Taldarin, Clolarion, and the Warbringer. These units have the highest HP and have really good buffs. I find getting a hero and upgrading then getting an other is better than massing just one hero until you have all the heroes you want. Keep in mind that Fenix himself has a lot of cool abilities so be sure to switch forms a lot to increase the energy regeneration and maximize mobility.

VOD

https://youtu.be/H1B3c5fa8Vk

Replay - Best Build Order Fenix [Easy Expo]

Build Order

Get SALT Encoding   

  12  0:05  Probe (Chrono Boost)  
  13  0:17  Probe (Chrono Boost)  
  14  0:24  Pylon  
  14  0:32  Probe (Chrono Boost)  
  15  0:40  Assimilator  
  15  0:46  Probe (Chrono Boost)  
  16  0:57  Robotics Facility  
  16  1:05  Probe (Chrono Boost)  
  17  1:12  Assimilator  
  17  1:17  Probe (Chrono Boost)  
  18  1:28  Probe (Chrono Boost)  
  20  1:40  Probe (Chrono Boost)  
  20  1:51  Probe (Chrono Boost)  
  20  1:56  Immortal, Taldarin's A.I. Personality  
  21  2:06  Probe (Chrono Boost)  
  27  2:35  Robotics Bay  
  30  3:20  Nexus  
  31  3:33  Pylon  
  33  4:02  Colossus  
  33  4:07  Warbringer's A.I. Personality  
  40  4:21  Pylon  
  40  4:34  Extended Thermal Lance  
  41  4:54  Pylon  
  44  5:13  Assimilator x2  
  44  5:24  Stargate  
  45  5:48  Fleet Beacon  
  47  5:53  Purification Blast  
  53  6:37  Pylon  
  54  6:50  Carrier  
  54  6:51  Stargate  
  54  6:52  Graviton Catapult  
  63  7:13  Clolarion's A.I. Personality  
  64  7:32  Stargate  
  64  7:34  Robotics Facility  
  64  7:41  Colossus  
  64  7:47  Interdictors  
  71  8:00  Carrier  
  77  8:11  Forge  
  77  8:14  Cybernetics Core  
  77  8:38  Carrier  
  83  8:55  Colossus  
  89  9:06  Immortal  
  93  9:15  Carrier  
  99  9:41  Protoss Ground Weapons Level 1  
  99  9:47  Protoss Air Weapons Level 1  
Spawning Tool Build Advisor. Get it on Overwolf

Go to:

Details

  • Created by: hunter      
  • Published on: Jul 11, 2018
  • Patch: 4.0.0
  • Difficulty: Easy
Show
View Real Time Build Order
Export as new Build Order

Comments (0)

There are no comments. Be the first!

Create an account to comment!